Map: Stasis LE

Players

MCanning

  • Race: Protoss Protoss
  • League: Grandmaster
  • Spawn Location: 11:00

puCK (Nina) - Winner!

  • Race: Protoss Protoss
  • League: Grandmaster
  • Spawn Location: 1:00

Event: Cheeseadelphia 8

VOD

Have the link to the VOD?

Description

Time

  • Played on: Dec. 9, 2018, 4:07 p.m.
  • Length: 7:19

All games in this series

Show
View Real Time Build Order
Export as new Build Order

MCanning Protoss 

Build Orders: Phoenix Opening 

Get SALT Encoding   

  12  0:00  Probe  
  13  0:12  Probe  
  14  0:19  Pylon  
  14  0:25  Probe  
  15  0:33  Probe  
  15  0:38  Gateway  
  15  0:41  Probe  
  16  0:47  Assimilator  
  17  0:52  Probe  
  17  0:53  Assimilator  
  18  1:00  Probe  
  18  1:11  Gateway, Probe  
  20  1:24  Cybernetics Core  
  20  1:28  Probe  
  21  1:37  Pylon  
  21  1:40  Probe  
  22  1:52  Probe  
  23  2:01  Stalker, Sentry  
  27  2:03  Warp Gate  
  27  2:04  Probe  
  28  2:10  Pylon  
  28  2:29  Stargate  
  28  2:38  Stalker  
  30  2:55  Stalker  
  32  2:59  Shield Battery  
  32  3:09  Phoenix  
  32  3:16  Shield Battery  
  34  3:24  Robotics Facility  
  34  3:27  Pylon  
  34  3:29  Shield Battery  
  34  3:35  Phoenix  
  34  3:37  Shield Battery  
  34  3:38  Probe  
  37  3:58  Shield Battery, Phoenix  
  39  4:09  Adept x2  
  43  4:18  Immortal  
  44  4:32  Pylon  
  44  4:34  Adept  
  44  4:38  Pylon  
  46  4:52  Adept  
  46  4:58  Adept  
  44  5:08  Phoenix  
  46  5:14  Adept  
  46  5:18  Adept  
  50  5:28  Immortal  
  48  5:41  Probe  
  47  5:43  Adept x2  
  51  6:09  Nexus  
  51  6:10  Oracle  
  49  6:11  Observer  
  53  6:27  Pylon  
  53  6:30  Probe  
  58  6:53  Adept  
  58  6:59  Stalker  
Show
View Real Time Build Order
Export as new Build Order

puCK Protoss - Winner!

Build Orders:  

Get SALT Encoding   

  12  0:00  Probe  
  13  0:12  Probe  
  14  0:18  Pylon  
  14  0:24  Probe  
  15  0:33  Probe  
  15  0:38  Gateway  
  15  0:41  Probe  
  17  0:50  Assimilator  
  17  0:51  Probe  
  18  0:57  Assimilator  
  18  0:59  Probe  
  19  1:07  Probe  
  20  1:13  Gateway  
  20  1:17  Probe  
  21  1:27  Cybernetics Core  
  21  1:31  Probe  
  22  1:38  Pylon  
  22  1:43  Probe  
  23  1:56  Probe  
  24  2:05  Adept x2  
  24  2:07  Warp Gate  
  28  2:09  Probe  
  29  2:19  Pylon  
  29  2:34  Sentry  
  31  2:37  Stalker  
  33  2:50  Nexus  
  33  2:57  Pylon  
  33  3:11  Probe  
  34  3:17  Stalker  
  34  3:18  Sentry  
  38  3:24  Gateway  
  38  3:32  Gateway  
  38  3:34  Probe  
  39  3:41  Shield Battery  
  39  3:47  Probe  
  40  3:59  Probe  
  41  4:13  Stalker x2  
  41  4:15  Probe  
  44  4:19  Probe  
  45  4:24  Shield Battery  
  45  4:27  Pylon  
  45  4:29  Sentry  
  45  4:30  Sentry  
  49  4:33  Probe  
  50  4:38  Stalker  
  50  4:45  Probe  
  51  4:54  Probe  
  51  4:57  Probe  
  51  4:58  Robotics Facility  
  53  5:06  Stalker x3  
  59  5:07  Sentry  
  61  5:17  Shield Battery  
  61  5:19  Shield Battery  
  61  5:21  Pylon  
  59  5:35  Immortal  
  55  5:42  Stalker x4  
  57  5:48  Pylon  
  61  5:54  Pylon  
  61  6:02  Gateway x2  
  61  6:05  Warp Prism  
  61  6:06  Sentry  
  61  6:08  Zealot x2  
  67  6:12  Assimilator  
  69  6:19  Assimilator  
  69  6:24  Sentry  
  71  6:28  Pylon  
  71  6:35  Probe  
  71  6:37  Adept  
  71  6:38  Adept x2  
  78  6:43  Probe  
  78  6:46  Observer  
  80  6:47  Probe  
  81  6:59  Adept x3  
  81  7:00  Adept x2  
Tags
 
Add a new tag
Caveats
  • Supply blocks, unpowered buildings, or Contaminate may cause inaccurate times.
  • Supply counts are checked every 10 seconds.